 Dungeon Crawl Stone Soup version 0.21.1-1-g345015fe64 (webtiles) character file.

64764 Nattfarinn the Thaumaturge (level 15, -1/116 HPs)
             Began as a Gnoll Warper on May 7, 2018.
             Was the Champion of Cheibriados.
             Slain by a blink frog (9 damage)
             ... on level 6 of the Lair of Beasts.
             The game lasted 02:11:59 (29054 turns).

Nattfarinn the Thaumaturge (Gnoll Warper)          Turns: 29054, Time: 02:12:00

Health: -1/116     AC: 16    Str: 33    XL:     15   Next: 14%
Magic:  9/9        EV: 22    Int: 36    God:    Cheibriados [******]
Gold:   904        SH:  0    Dex: 29    Spells: 13/35 levels left

rFire    + . .     SeeInvis .   d - +12 mace of Resumed Hostilities {antimagic, rElec rF+ MR+}
rCold    x . .     Gourm    .   Y - +0 buckler
rNeg     . . .     Faith    .   Z - +0 chain mail "Ruoheg" {+Blink MR+}
rPois    +         Spirit   .   J - +1 hat {MR+}
rElec    +         Reflect  +   P - +1 cloak {rPois}
rCorr    .         Harm     .   x - +0 pair of gloves of the Cockatrice {+Blink rC- MR+ Int+3}
MR       +++++                  (no boots)
Stlth    ..........             F - +6 amulet of reflection
HPRegen  0.29/turn              m - ring of poison resistance
MPRegen  0.11/turn              a - +3 ring of evasion

@: confused, very slow
A: distributed training, fangs 1, strong nose
a: Bend Time, Temporal Distortion, Slouch, Step From Time, Renounce Religion,
Evoke Blink


You were on level 6 of the Lair of Beasts.
You worshipped Cheibriados.
Cheibriados was exalted by your worship.
You were not hungry.

You visited 3 branches of the dungeon, and saw 22 of its levels.
You also visited: Ossuary.

You collected 1523 gold pieces.
You spent 619 gold pieces at shops.

Inventory:

Hand Weapons
 d - the +12 mace of Resumed Hostilities (weapon) {antimagic, rElec rF+ MR+}
   (You found it on level 2 of the Lair of Beasts)

   It reduces the magical energy of the wielder, and disrupts the spells and
   magical abilities of those hit.
   Natural abilities and divine invocations are not affected.
   It protects you from fire.
   It insulates you from electricity.
   It affects your resistance to hostile enchantments.
 l - a +3 scimitar of holy wrath
Missiles
 w - a javelin of returning (quivered)
Armour
 x - the +0 pair of gloves of the Cockatrice (worn) {+Blink rC- MR+ Int+3}
   (You bought it in a shop on level 11 of the Dungeon)

   It affects your intelligence (+3).
   It makes you vulnerable to cold.
   It affects your resistance to hostile enchantments.
   It lets you blink.
 J - a +1 hat of magic resistance (worn)
 P - a +1 cloak of poison resistance (worn)
 Y - a +0 buckler (worn)
 Z - the +0 chain mail "Ruoheg" (worn) {+Blink MR+}
   (You found it on level 13 of the Dungeon)

   It affects your resistance to hostile enchantments.
   It lets you blink.
Jewellery
 a - a +3 ring of evasion (right hand)
 m - a ring of poison resistance (left hand)
 F - a +6 amulet of reflection (around neck)
Wands
 j - a wand of polymorph (11)
 o - a wand of disintegration (22)
 t - a wand of digging (26)
 K - a wand of flame (107)
 L - a wand of paralysis (24)
 S - a wand of scattershot (4)
 U - a wand of iceblast (17)
 W - a wand of acid (19)
Scrolls
 g - 11 scrolls of remove curse
 h - a scroll of noise {unknown}
 k - 7 scrolls of immolation
 p - 3 scrolls of enchant weapon
 r - 3 scrolls of amnesia {unknown}
 y - 3 scrolls of magic mapping
 B - 3 scrolls of identify
 C - 4 scrolls of teleportation
 G - a scroll of acquirement {unknown}
 H - 3 scrolls of vulnerability {unknown}
 M - a scroll of torment {unknown}
 O - a scroll of fog {unknown}
 Q - a scroll of enchant armour {unknown}
 X - a scroll of holy word {unknown}
Potions
 e - 4 potions of mutation
 i - a potion of resistance
 n - 6 potions of flight
 v - 2 potions of magic {unknown}
 A - 7 potions of lignification
 D - 2 potions of invisibility
 E - 5 potions of curing
 N - 3 potions of brilliance
 R - a potion of might
 T - a potion of agility
 V - 2 potions of cancellation {unknown}
Books
 b - a Fen Folio

   Spells                             Type                      Level
   a - Corpse Rot                     Necromancy                   2
   b - Stone Arrow                    Conjuration/Earth            3
   c - Leda's Liquefaction            Hexes/Earth                  4
   d - Summon Forest                  Summoning/Translocation      5
   e - Hydra Form                     Transmutation                6
   f - Summon Hydra                   Summoning                    7
 c - a book of Spatial Translocations

   Spells                             Type                      Level
   a - Blink                          Translocation                2
   b - Shroud of Golubria             Charms/Translocation         2
   c - Lesser Beckoning               Translocation                3
   d - Gell's Gravitas                Translocation                3
   e - Teleport Other                 Translocation                3
   f - Passage of Golubria            Translocation                4
 z - a book of Debilitation

   Spells                             Type                      Level
   a - Corona                         Hexes                        1
   b - Slow                           Hexes                        2
   c - Inner Flame                    Hexes/Fire                   3
   d - Portal Projectile              Hexes/Translocation          3
   e - Cause Fear                     Hexes                        4
   f - Leda's Liquefaction            Hexes/Earth                  4
 I - a book of Beasts

   Spells                             Type                      Level
   a - Summon Butterflies             Summoning                    1
   b - Call Canine Familiar           Summoning                    3
   c - Summon Ice Beast               Ice/Summoning                4
   d - Summon Mana Viper              Hexes/Summoning              5
   e - Summon Hydra                   Summoning                    7
Comestibles
 f - 49 rations
 u - 4 chunks of flesh


   Skills:
 + Level 10.3 Fighting
 + Level 9.3 Short Blades
 + Level 9.3 Long Blades
 + Level 10.3 Axes
 + Level 9.3 Maces & Flails
 + Level 9.3 Polearms
 + Level 9.3 Staves
 + Level 9.3 Slings
 + Level 9.3 Bows
 + Level 9.3 Crossbows
 + Level 9.7 Throwing
 + Level 9.7 Armour
 + Level 10.3 Dodging
 + Level 9.3 Stealth
 + Level 9.3 Shields
 + Level 9.3 Unarmed Combat
 + Level 10.5 Spellcasting
 + Level 7.8 Conjurations
 + Level 7.8 Hexes
 + Level 7.8 Charms
 + Level 7.8 Summonings
 + Level 7.8 Necromancy
 + Level 9.5 Translocations
 + Level 7.8 Transmutations
 + Level 7.8 Fire Magic
 + Level 7.8 Ice Magic
 + Level 7.8 Air Magic
 + Level 7.8 Earth Magic
 + Level 7.8 Poison Magic
 + Level 10.1 Invocations
 + Level 9.3 Evocations


You had 13 spell levels left.
You knew the following spells:

 Your Spells              Type           Power        Failure   Level  Hunger
a - Blink                 Tloc           N/A          1%          2    None
b - Gell's Gravitas       Tloc           ######....   1%          3    None
c - Shroud of Golubria    Chrm/Tloc      ######....   1%          2    None
d - Call Canine Familiar  Summ           ######..     1%          3    None
e - Call Imp              Summ           ######..     1%          2    None
f - Summon Butterflies    Summ           ######..     1%          1    None
g - Summon Ice Beast      Ice/Summ       ######..     3%          4    None
h - Summon Lightning Spi  Summ/Air       ######..     3%          4    None
i - Confusing Touch       Hex            ######       1%          1    None


Dungeon Overview and Level Annotations

Branches:
Dungeon (15/15)            Temple (1/1) D:6            Lair (6/6) D:8
  Swamp (0/4) Lair:2       Spider (0/4) Lair:2        Slime (0/5) Lair:6
    Orc (0/2) D:11
 Vaults: D:13-14     Depths: D:15

Altars:
Ashenzari
Cheibriados
Dithmenos
Elyvilon
Fedhas
Gozag
Hepliaklqana
Kikubaaqudgha
Makhleb
Nemelex Xobeh
Okawaru
Qazlal
Ru
Sif Muna
Trog
Uskayaw
Vehumet
Wu Jian
Xom
Yredelemnul
Zin
The Shining One
Jiyva

Shops:
D:5 %%![   D:7 *   D:10 %   D:11 [!   D:14 :

Annotations:
D:13 VanClaymore's ghost, journeyman GrMo
Lair:3 exclusion: oklob plant
Lair:6 Josephine; Snorg


Innate Abilities, Weirdness & Mutations

Your experience applies equally to all skills.
You have very sharp teeth.
Your uncanny sense of smell can sniff out nearby items.


Message History

The crocodile bites you but does no damage.
Okay, then.
Casting: Confusing Touch
Confirm with . or Enter, or press ? or * to list all spells.
The spiny frog misses you. The blink frog misses you. The crocodile misses you.
A spiny frog and a blink frog come into view.
You are confused.
You feel invigorated.
The blink frog hits you but does no damage.
The blink frog barely misses you. The spiny frog misses you.
Your warg bites the crocodile.
The blink frog completely misses you. The crocodile bites you!
* * * LOW HITPOINT WARNING * * *
A vampire mosquito comes into view.
The bullfrog misses you.
The blink frog hits you but does no damage.
The spiny frog completely misses you.
The blink frog hits you but does no damage.
Your warg misses the crocodile. The blink frog hits you!
You die...

..,,,,,,,,,*,*,,,*,,,*
≈.,,≈≈≈,,,.<.........##
≈≈,,,,,,≈,,..........P#
≈≈≈≈≈,,,,,,,..........#
*#≈≈≈≈≈≈≈≈,,#........##
*≈≈≈≈≈≈≈≈,,,#.y......P#
≈≈≈≈≈≈≈≈≈≈,,#.........#
≈≈≈≈≈≈≈,≈****#.F......##
≈≈≈≈,,*****≈,#..@F.....#*
*******≈≈≈≈≈,#.FFth...PP*
≈≈**≈*≈≈≈≈≈≈,#.F........*
,≈≈,≈≈≈≈≈≈≈≈PP.........#*
,≈≈≈,≈≈≈≈≈≈≈.F........##
≈≈≈,≈≈≈≈≈≈≈F.≈........≈#*
≈≈,≈≈≈≈≈≈≈P≈≈.........#≈**
,,≈≈≈≈≈≈≈≈≈≈≈...=......P≈***
≈≈≈≈≈≈≈≈≈≈≈≈≈......!....≈≈≈*


You could see 3 spiny frogs, 3 blink frogs, a crocodile, a vampire mosquito, a
bullfrog and a friendly warg.

Vanquished Creatures
  The ghost of Rowlf the Basher, a journeyman DrBe of Trog (Lair:3)
  2 centaur warriors
  3 two-headed ogres
  The ghost of htuhola the Destroyer, a novice DsFE of Vehumet (D:10)
  Urug (D:11)
  The ghost of Dickchan the Grappler, a novice DrTm (D:6)
  An unseen horror (D:14)
  A deep elf archer (D:14)
  3 deep elf magi (D:14)
  A cyclops (D:14)
  Psyche (D:8)
  3 black mambas
  4 elephants (Lair:3)
  2 kobold demonologists (D:11)
  4 spiny frogs
  5 komodo dragons
  An efreet (D:15)
  2 jumping spiders (Lair:2)
  3 hornets
  Prince Ribbit (D:10)
  3 hippogriffs
  17 blink frogs
  A shadow (D:14)
  A meliai zombie (D:14)
  A redback (Lair:2)
  3 wyverns
  30 yaks
  A basilisk (D:12)
  A water elemental (D:15)
  A vampire (D:13)
  A vampire mosquito (Lair:6)
  Grum (D:8)
  2 hungry ghosts
  5 insubstantial wisps (Lair:2)
  Menkaure (D:6)
  14 water moccasins
  An acid dragon (D:15)
  7 porcupines
  An eye of draining (D:9)
  7 ice beasts
  11 orc warriors
  4 phantoms
  2 black bears
  A necrophage (D:7)
  10 wolves
  6 ogres
  12 centaurs
  4 crocodiles
  Blork the orc (D:5)
  A big kobold (D:6)
  18 bullfrogs
  2 wyvern zombies
  4 scorpions
  7 wights
  4 howler monkeys
  2 crimson imps
  A bullfrog zombie (D:9)
  5 jellies
  2 quasits
  7 orc wizards
  3 centaur zombies
  2 orc priests
  2 centaur skeletons
  8 hounds
  A bullfrog skeleton (D:6)
  4 iguanas
  3 hell rats (Lair:3)
  14 worker ants
  2 killer bee zombies (Ossuary)
  2 hound skeletons
  19 mummies (Ossuary)
  A howler monkey zombie (Ossuary)
  3 worker ant zombies
  2 gnolls (D:8)
  14 adders
  5 river rats (Lair:3)
  2 shadow imps
  9 adder zombies
  An adder skeleton (D:8)
  2 worms
  4 leopard geckos
  48 orcs
  5 giant cockroaches
  8 goblins
  12 hobgoblins
  12 jackals
  11 kobolds
  7 quokkas
  A ball python (D:3)
  6 bats
  5 frilled lizards
  A jackal skeleton (D:8)
  A jackal zombie (Ossuary)
  A leopard gecko skeleton (D:5)
  2 leopard gecko zombies
  A quokka zombie (Ossuary)
  13 rats
  A withered plant (Ossuary)
482 creatures vanquished.

Vanquished Creatures (collateral kills)
  Fannar (D:11)
  Erolcha (D:12)
  4 hydras
  A centaur warrior (D:12)
  A two-headed ogre (D:14)
  3 unseen horrors
  A deep elf archer (D:14)
  4 lindwurms (Lair:2)
  An orc knight (D:13)
  3 cyclopes
  2 elephants (Lair:3)
  A centaur zombie (D:11)
  A gargoyle (D:14)
  A jumping spider (Lair:2)
  A troll (D:12)
  2 blink frogs (Lair:1)
  A hippogriff (D:14)
  A shadow (D:12)
  2 water elementals (D:13)
  12 yaks
  A porcupine (Lair:2)
  4 orc warriors
  A sky beast (D:9)
  A black bear (Lair:2)
  2 ogres
  A phantom (D:7)
  5 crocodiles
  4 centaurs
  A big kobold (D:12)
  A bullfrog (D:11)
  5 wights
  4 electric eels
  A crimson imp (D:6)
  5 orc priests
  3 orc wizards
  Crazy Yiuf (D:7)
  2 iguanas
  A worker ant (D:4)
  A killer bee zombie (D:7)
  2 gnolls
  A leopard gecko (D:9)
  13 orcs
  A jackal (D:4)
  A frilled lizard (D:4)
106 creatures vanquished.

Vanquished Creatures (others)
  A centaur warrior (D:14)
  A deep elf mage (D:14)
  3 centaurs
  An orc wizard (D:11)
  4 orcs (D:10)
  A bush (Lair:4)
  3 fungi
  3 plants
17 creatures vanquished.

Grand Total: 605 creatures vanquished

Notes
Turn   | Place    | Note
-------+----------+-------------------------------------------
     0 | D:1      | Nattfarinn the Gnoll Warper began the quest for the Orb.
     0 | D:1      | Reached XP level 1. HP: 20/20 MP: 6/6
   144 | D:1      | Reached XP level 2. HP: 21/26 MP: 7/7
   913 | D:2      | Reached XP level 3. HP: 29/31 MP: 9/9
   977 | D:2      | Reached skill level 5 in Spellcasting
  1054 | D:2      | Reached skill level 1 in Invocations
  1388 | D:2      | Learned a level 2 spell: Blink
  1577 | D:2      | Reached skill level 1 in Short Blades
  1577 | D:2      | Reached skill level 1 in Long Blades
  1577 | D:2      | Reached skill level 1 in Maces & Flails
  1577 | D:2      | Reached skill level 1 in Polearms
  1577 | D:2      | Reached skill level 1 in Staves
  1577 | D:2      | Reached skill level 1 in Slings
  1577 | D:2      | Reached skill level 1 in Bows
  1577 | D:2      | Reached skill level 1 in Crossbows
  1577 | D:2      | Reached skill level 1 in Stealth
  1577 | D:2      | Reached skill level 1 in Shields
  1577 | D:2      | Reached skill level 1 in Unarmed Combat
  1577 | D:2      | Reached skill level 1 in Evocations
  1616 | D:2      | Reached XP level 4. HP: 36/38 MP: 11/11
  1918 | D:3      | Learned a level 3 spell: Gell's Gravitas
  1932 | D:3      | Reached skill level 1 in Conjurations
  1932 | D:3      | Reached skill level 1 in Hexes
  1932 | D:3      | Reached skill level 1 in Charms
  1932 | D:3      | Reached skill level 1 in Summonings
  1932 | D:3      | Reached skill level 1 in Necromancy
  1932 | D:3      | Reached skill level 1 in Transmutations
  1932 | D:3      | Reached skill level 1 in Fire Magic
  1932 | D:3      | Reached skill level 1 in Ice Magic
  1932 | D:3      | Reached skill level 1 in Air Magic
  1932 | D:3      | Reached skill level 1 in Earth Magic
  1932 | D:3      | Reached skill level 1 in Poison Magic
  2250 | D:3      | Reached XP level 5. HP: 36/43 MP: 2/12
  2971 | D:4      | Noticed a phantom
  3274 | D:4      | Noticed an ogre
  3282 | D:4      | Learned a level 2 spell: Shroud of Golubria
  3296 | D:4      | Killed an ogre
  3296 | D:4      | Reached XP level 6. HP: 15/50 MP: 11/13
  3508 | D:4      | Found a sand-covered staircase.
  3518 | Ossuary  | Entered an ossuary
  3535 | Ossuary  | Reached skill level 5 in Fighting
  3535 | Ossuary  | Reached skill level 5 in Axes
  3535 | Ossuary  | Reached skill level 5 in Dodging
  3653 | Ossuary  | Reached XP level 7. HP: 24/56 MP: 12/15
  5060 | D:4      | Learned a level 3 spell: Call Canine Familiar
  5364 | D:4      | Reached XP level 8. HP: 62/63 MP: 16/16
  5495 | D:4      | Learned a level 2 spell: Call Imp
  5673 | D:5      | Entered Level 5 of the Dungeon
  5797 | D:5      | Found Juteack's Food Boutique.
  5996 | D:5      | Found Liohip's Food Emporium.
  5997 | D:5      | Noticed Blork the orc
  6036 | D:5      | Killed Blork the orc
  6202 | D:5      | Found Jics's Armour Boutique.
  6231 | D:5      | Found Hempeuh's Distillery.
  6234 | D:5      | Bought a potion of curing for 36 gold pieces
  6234 | D:5      | Bought a potion of ambrosia for 96 gold pieces
  6234 | D:5      | Bought a potion of curing for 36 gold pieces
  6234 | D:5      | Bought a potion of curing for 36 gold pieces
  7740 | D:7      | Found Ziolaweg's Elemental Accessories.
  7796 | D:7      | Noticed a wyvern
  7853 | D:7      | Killed a wyvern
  7867 | D:7      | Reached XP level 9. HP: 23/69 MP: 12/18
  8388 | D:7      | Found a runed door.
  8635 | D:7      | Noticed Crazy Yiuf
  8652 | D:7      | Killed Crazy Yiuf
  8786 | D:6      | Found a shattered altar of Ashenzari.
  8840 | D:6      | Noticed Dickchan's ghost (novice DrTm)
  9109 | D:6      | Noticed Menkaure
  9180 | D:6      | Killed Menkaure
  9180 | D:6      | Reached skill level 5 in Throwing
  9180 | D:6      | Reached skill level 5 in Armour
  9508 | D:6      | Found a staircase to the Ecumenical Temple.
  9543 | Temple   | Entered the Ecumenical Temple
  9643 | Temple   | Became a worshipper of Cheibriados the Contemplative
  9748 | D:6      | Found a blossoming altar of Fedhas.
  9801 | D:6      | Killed Dickchan's ghost
  9801 | D:6      | Reached skill level 5 in Invocations
 10190 | D:8      | Reached XP level 10. HP: 76/76 MP: 20/20
 10226 | D:8      | Noticed Grum
 10227 | D:8      | Found a staircase to the Lair.
 10272 | D:8      | Killed Grum
 10276 | D:8      | Reached * piety under Cheibriados
 10499 | D:8      | Learned a level 1 spell: Summon Butterflies
 10539 | D:8      | Reached skill level 5 in Short Blades
 10539 | D:8      | Reached skill level 5 in Long Blades
 10539 | D:8      | Reached skill level 5 in Maces & Flails
 10539 | D:8      | Reached skill level 5 in Polearms
 10539 | D:8      | Reached skill level 5 in Staves
 10539 | D:8      | Reached skill level 5 in Slings
 10539 | D:8      | Reached skill level 5 in Bows
 10539 | D:8      | Reached skill level 5 in Crossbows
 10539 | D:8      | Reached skill level 5 in Stealth
 10539 | D:8      | Reached skill level 5 in Shields
 10539 | D:8      | Reached skill level 5 in Unarmed Combat
 10539 | D:8      | Reached skill level 5 in Evocations
 10567 | D:8      | Noticed Prince Ribbit
 10952 | D:8      | Noticed Psyche
 10960 | D:8      | Killed Psyche
 11553 | D:9      | Found an ornate altar of the Wu Jian Council.
 11894 | D:9      | Reached ** piety under Cheibriados
 12482 | D:10     | Entered Level 10 of the Dungeon
 12525 | D:9      | Learned a level 4 spell: Summon Ice Beast
 12530 | D:9      | Learned a level 4 spell: Summon Lightning Spire
 12875 | D:10     | Killed Prince Ribbit
 13146 | D:10     | Reached *** piety under Cheibriados
 13157 | D:10     | Reached XP level 11. HP: 82/83 MP: 22/22
 13164 | D:10     | Noticed a two-headed ogre
 13175 | D:10     | Noticed htuhola's ghost (novice DsFE)
 13187 | D:10     | Killed a two-headed ogre
 13225 | D:10     | Killed htuhola's ghost
 13558 | D:10     | Reached skill level 5 in Conjurations
 13558 | D:10     | Reached skill level 5 in Hexes
 13558 | D:10     | Reached skill level 5 in Charms
 13558 | D:10     | Reached skill level 5 in Summonings
 13558 | D:10     | Reached skill level 5 in Necromancy
 13558 | D:10     | Reached skill level 5 in Transmutations
 13558 | D:10     | Reached skill level 5 in Fire Magic
 13558 | D:10     | Reached skill level 5 in Ice Magic
 13558 | D:10     | Reached skill level 5 in Air Magic
 13558 | D:10     | Reached skill level 5 in Earth Magic
 13558 | D:10     | Reached skill level 5 in Poison Magic
 13995 | D:10     | Found Joimourr's Food Shop.
 14296 | D:11     | Noticed Fannar
 14341 | D:11     | Killed Fannar
 14419 | D:11     | Reached **** piety under Cheibriados
 14761 | D:11     | Found Cuzoaps's Antique Armour Shoppe.
 14832 | D:11     | Bought a pair of ichor-stained gloves for 275 gold pieces
 14837 | D:11     | Identified the +0 pair of gloves of the Cockatrice {+Blink rC- MR+ Int+3} (You bought it in a shop on level 11 of the Dungeon)
 15214 | D:11     | Noticed Urug
 15270 | D:11     | Noticed a two-headed ogre
 15275 | D:11     | Reached XP level 12. HP: 47/93 MP: 10/24
 15279 | D:11     | HP: 1/93 [two-headed ogre/giant club (10)]
 15650 | D:11     | Killed a two-headed ogre
 15976 | D:11     | Killed Urug
 16180 | D:11     | Found Huisadai's Distillery.
 16188 | D:11     | Bought a potion of heal wounds for 70 gold pieces
 16188 | D:11     | Bought a potion of heal wounds for 70 gold pieces
 16826 | D:11     | Found a staircase to the Orcish Mines.
 16921 | D:12     | Noticed a centaur warrior
 16930 | D:12     | Killed a centaur warrior
 17763 | D:12     | Reached ***** piety under Cheibriados
 17778 | D:12     | Noticed a five-headed hydra
 17788 | D:12     | Killed a five-headed hydra
 17844 | D:12     | Noticed Erolcha
 17853 | D:12     | Killed Erolcha
 18945 | D:13     | Noticed a centaur warrior
 18958 | D:13     | Killed a centaur warrior
 19041 | D:13     | Noticed VanClaymore's ghost (journeyman GrMo)
 19086 | D:13     | Found a hide-covered altar of Uskayaw.
 19571 | D:14     | Noticed a centaur warrior
 20024 | D:14     | Found Silom's Book Shop.
 20064 | D:14     | Killed a centaur warrior
 20337 | D:14     | Reached XP level 13. HP: 101/101 MP: 26/26
 20631 | D:14     | Noticed a vault guard
 20705 | D:15     | Entered Level 15 of the Dungeon
 21398 | D:15     | Reached XP level 14. HP: 108/108 MP: 27/27
 23063 | D:13     | Got an encrusted chain mail
 23073 | D:13     | Identified the cursed +0 chain mail "Ruoheg" {+Blink MR+} (You found it on level 13 of the Dungeon)
 23690 | Lair:1   | Entered Level 1 of the Lair of Beasts
 23742 | Lair:1   | Reached skill level 10 in Spellcasting
 24086 | Lair:1   | Reached ****** piety under Cheibriados
 24781 | Lair:2   | Found a hole to the Spider Nest.
 24892 | Lair:2   | Learned a level 1 spell: Confusing Touch
 25361 | Lair:2   | Reached skill level 10 in Fighting
 25361 | Lair:2   | Reached skill level 10 in Axes
 25361 | Lair:2   | Reached skill level 10 in Dodging
 25531 | Lair:2   | Found a staircase to the Swamp.
 25938 | Lair:2   | Got a faintly glowing mace
 25939 | Lair:2   | Identified the +12 mace of Resumed Hostilities {antimagic, rElec rF+ MR+} (You found it on level 2 of the Lair of Beasts)
 26076 | Lair:3   | Noticed Rowlf's ghost (journeyman DrBe)
 26097 | Lair:3   | Killed Rowlf's ghost
 27308 | Lair:4   | Reached skill level 10 in Invocations
 27308 | Lair:4   | Reached XP level 15. HP: 115/115 MP: 9/29
 28945 | Lair:6   | Entered Level 6 of the Lair of Beasts
 28945 | Lair:6   | Noticed Josephine
 29005 | Lair:6   | Found a viscous altar of Jiyva.
 29005 | Lair:6   | Found a staircase to the Slime Pits.
 29019 | Lair:6   | Noticed Snorg
 29050 | Lair:6   | HP: 4/116 [crocodile (13)]
 29054 | Lair:6   | Slain by a blink frog

Skill      XL: |  1  2  3  4  5  6  7  8  9 10 11 12 13 14 |
---------------+-------------------------------------------+-----
Spellcasting   | 5 6 7 8 9 10 | 10.5
Invocations    | 1 2 3 4 5 6 7 8 9 10 | 10.1
Short Blades   | 1 2 3 4 5 6 7 8 9 |  9.3
Long Blades    | 1 2 3 4 5 6 7 8 9 |  9.3
Maces & Flails | 1 2 3 4 5 6 7 8 9 |  9.3
Polearms       | 1 2 3 4 5 6 7 8 9 |  9.3
Staves         | 1 2 3 4 5 6 7 8 9 |  9.3
Slings         | 1 2 3 4 5 6 7 8 9 |  9.3
Bows           | 1 2 3 4 5 6 7 8 9 |  9.3
Crossbows      | 1 2 3 4 5 6 7 8 9 |  9.3
Stealth        | 1 2 3 4 5 6 7 8 9 |  9.3
Shields        | 1 2 3 4 5 6 7 8 9 |  9.3
Unarmed Combat | 1 2 3 4 5 6 7 8 9 |  9.3
Evocations     | 1 2 3 4 5 6 7 8 9 |  9.3
Conjurations   | 1 2 3 4 5 6 7 |  7.8
Hexes          | 1 2 3 4 5 6 7 |  7.8
Charms         | 1 2 3 4 5 6 7 |  7.8
Summonings     | 1 2 3 4 5 6 7 |  7.8
Necromancy     | 1 2 3 4 5 6 7 |  7.8
Transmutations | 1 2 3 4 5 6 7 |  7.8
Fire Magic     | 1 2 3 4 5 6 7 |  7.8
Ice Magic      | 1 2 3 4 5 6 7 |  7.8
Air Magic      | 1 2 3 4 5 6 7 |  7.8
Earth Magic    | 1 2 3 4 5 6 7 |  7.8
Poison Magic   | 1 2 3 4 5 6 7 |  7.8
Throwing       | 3 4 5 6 7 8 9 |  9.7
Armour         | 3 4 5 6 7 8 9 |  9.7
Fighting       | 5 6 7 8 9 10 | 10.3
Axes           | 5 6 7 8 9 10 | 10.3
Dodging        | 5 6 7 8 9 10 | 10.3
Translocations | 6 7 8 9 |  9.5

Action                   |  1- 3 |  4- 6 |  7- 9 | 10-12 | 13-15 || total
-------------------------+-------+-------+-------+-------+-------++-------
Melee: Hand axe          |   108 |   157 |   523 |       |       ||   788
       Bite              |     6 |    18 |    64 |   114 |   113 ||   315
       Punch             |       |     1 |     9 |     5 |       ||    15
       Great sword       |       |       |    51 |   357 |       ||   408
       Scimitar          |       |       |       |   164 |    48 ||   212
       Mace              |       |       |       |       |   282 ||   282
       Rapier            |       |       |       |       |   175 ||   175
Throw: Tomahawk          |     4 |       |    13 |       |       ||    17
       Javelin           |       |       |       |       |     8 ||     8
 Cast: Gell's Gravitas   |       |    18 |       |    21 |       ||    39
       Shroud of Golubri |       |     1 |     2 |     2 |       ||     5
       Call Canine Famil |       |       |    29 |    21 |     3 ||    53
       Call Imp          |       |       |    11 |     9 |       ||    20
       Blink             |       |       |     3 |       |       ||     3
       Summon Lightning  |       |       |       |    26 |    14 ||    40
       Summon Ice Beast  |       |       |       |    48 |    61 ||   109
       Summon Butterflie |       |       |       |     1 |     2 ||     3
       Confusing Touch   |       |       |       |       |     1 ||     1
Invok: Slouch            |       |       |       |     3 |       ||     3
 Abil: Evoke Blink       |       |       |       |     1 |       ||     1
  Use: Scroll            |       |     2 |     2 |    22 |    16 ||    42
       Potion            |       |     3 |     4 |     6 |     7 ||    20
 Stab: Sleeping          |       |     4 |     8 |    13 |    10 ||    35
       Distracted        |       |       |       |     6 |     4 ||    10
  Eat: Chunk             |     2 |     7 |    11 |     8 |     9 ||    37
       Ration            |       |     1 |     3 |     4 |     2 ||    10
Armor: Leather armour    |    19 |    15 |    74 |    11 |       ||   119
       Skin              |       |       |     5 |       |       ||     5
       Robe              |       |       |       |    83 |    10 ||    93
       Chain mail        |       |       |       |       |    99 ||    99
Dodge: Dodged            |    84 |   104 |   367 |   475 |   430 ||  1460
Block: Other             |       |       |   124 |   148 |       ||   272
       Reflection        |       |       |     4 |    29 |    12 ||    45
       Buckler           |       |       |       |    79 |   473 ||   552
       Rpst.: Great sword |       |       |    13 |    88 |       ||   101
       Scimitar          |       |       |       |    20 |    10 ||    30
